 Dungeon Crawl Stone Soup version 0.26-a0-591-g04f19ec95a (webtiles) character file.

Game seed: 1806812974844982077

954 Monkas the Covert (level 8, -4/43 HPs)
             Began as a Vine Stalker Brigand on Aug 24, 2020.
             Was a Follower of Ru.
             Slain by a wyvern zombie (6 damage)
             ... on level 5 of the Dungeon.
             The game lasted 00:17:04 (3912 turns).

Monkas the Covert (Vine Stalker Brigand)            Turns: 3912, Time: 00:17:05

Health: -4/43      AC:  6    Str: 15    XL:     8   Next: 14%
Magic:  0/9        EV: 10    Int: 12    God:    Ru [*.....]
Gold:   258        SH:  0    Dex: 22    Spells: 7/7 levels left

rFire    . . .     SeeInvis .   b - +4 hunting sling
rCold    + . .     Faith    .   (no shield)
rNeg     . . .     Spirit   +   l - +0 ring mail {rC+}
rPois    .         Reflect  .   (no helmet)
rElec    .         Harm     .   c - +0 cloak
rCorr    .                      (no gloves)
MR       +....                  (no boots)
Stlth    ++++......             (no amulet)
HPRegen  0.54/turn              t - +6 ring of dexterity
MPRegen  0.11/turn              (no ring)

@: no scrolls, hasted, very quick
A: fangs 3, regeneration 1, magic shield, antimagic bite, no potion heal 3, rot
immunity, inability to read while threatened
a: Renounce Religion


You were on level 5 of the Dungeon.
You worshipped Ru.
Ru was aware of your devotion.
You visited 1 branch of the dungeon, and saw 5 of its levels.

You collected 258 gold pieces.

Inventory:

Hand Weapons
 a - a +2 dagger
 b - a +4 hunting sling (weapon)
 y - a +1 rapier of venom
Missiles
 d - 7 poisoned darts
 e - 8 curare-tipped darts
 k - 59 stones (quivered)
Armour
 c - a +0 cloak (worn)
 l - a +0 ring mail of cold resistance (worn)
 m - a +0 robe
Jewellery
 t - a +6 ring of dexterity (left hand)
Wands
 u - a wand of flame (10)
Scrolls
 g - a scroll of immolation {unknown}
 i - 2 scrolls of remove curse {unknown}
 n - 3 scrolls of fog {unknown}
 p - 2 scrolls of blinking {unknown}
 q - a scroll of identify {unknown}
 r - 2 scrolls of teleportation {unknown}
 s - 2 scrolls of fear {unknown}
 v - a scroll of random uselessness {unknown}
 w - 2 scrolls of amnesia {unknown}
Potions
 f - 4 potions of curing {unknown}
 h - a potion of flight {unknown}
 o - a potion of berserk rage {unknown}
 x - a potion of magic {unknown}
 z - a potion of ambrosia {unknown}


   Skills:
 + Level 5.0 Fighting
 - Level 1.7 Short Blades
 + Level 5.1 Throwing
 - Level 0.7 Dodging
 + Level 8.3 Stealth


You had 7 spell levels left.
You didn't know any spells.
Your spell library contained the following spells:

 Spells                   Type           Power        Failure   Level
 Beastly Appendage        Tmut           #.....       54%         1
 Corona                   Hex            #......      54%         1
 Ensorcelled Hibernation  Hex/Ice        #.....       69%         2
 Wereblood                Tmut           #.......     69%         2
 Confusing Touch          Hex            #.......     89%         3
 Dazzling Flash           Conj/Hex       #.....       89%         3
 Spider Form              Tmut/Pois      #.........   89%         3
 Tukima's Dance           Hex            #.......     89%         3
 Ice Form                 Ice/Tmut       #.......     100%        4
 Blade Hands              Tmut           #.........   100%        5


Dungeon Overview and Level Annotations

Branches:
Dungeon (5/15)             Temple (0/1) D:4

Altars:
Cheibriados
Ru

Annotations:
D:2 exclusion: downstairs
D:3 Sigmund
D:5 1 runed translucent door, Crazy Yiuf


Innate Abilities, Weirdness & Mutations

You have razor-sharp teeth.
Your natural rate of healing is unusually fast.
When hurt, damage is shared between your health and your magic reserves.
Your bite disrupts and absorbs the magic of your enemies.
Potions cannot restore your health.
You are immune to rotting.
You cannot read scrolls while threatened.


Message History

Evoke which item? (* to show all) (? for menu, Esc to quit)
Okay, then.
Evoke which item? (* to show all) (? for menu, Esc to quit)
Aiming: Throw Flame
Press: ? - help, Shift-Dir - straight line, f/p - wyvern zombie
Aim: a wyvern zombie (severely damaged)
The puff of flame hits the wyvern zombie but does no damage.
The wyvern zombie is severely damaged.
The wyvern zombie bites you!
Firing (i - inventory. (/) - cycle)
k - 60 stones (quivered)
Press: ? - help, Shift-Dir - straight line, f/p - wyvern zombie
Aim: a wyvern zombie (severely damaged)
You shoot a stone. The stone hits the wyvern zombie.
The wyvern zombie is almost destroyed.
The wyvern zombie bites you!
* * * LOW HITPOINT WARNING * * *
The wyvern zombie bites you!
* * * LOW HITPOINT WARNING * * *
You feel yourself speed up. The wyvern zombie bites you.
You die...

### ....# ###..
.(... ###...# (.(..#
####...### #.....#
###....### ..(..##
##.......#
#.(..####........##
. #.Z..#...........#
... #@............##
#.....#...#........#
###......##.......##
###....##......##
###..###.....# ##.#
###..## #.# #### ##.
.


You could see a wyvern zombie.

Vanquished Creatures
  Eustachio (D:5)
  Menkaure (D:5)
  A sky beast (D:4)
  3 ogres (D:4)
  3 orc priests
  A worker ant (D:4)
  A bullfrog skeleton (D:2)
  3 orc wizards
  2 gnolls (D:3)
  An adder (D:5)
  An ooze (D:2)
  2 dart slugs
  3 worms
  16 orcs
  5 giant cockroaches
  A goblin (D:2)
  6 hobgoblins
  13 jackals
  A quokka (D:4)
  2 bats (D:3)
  2 frilled lizards (D:2)
  A giant cockroach zombie (D:5)
  8 kobolds
  7 rats
85 creatures vanquished.

Vanquished Creatures (others)
  8 plants (D:3)
8 creatures vanquished.

Grand Total: 93 creatures vanquished

Notes
Turn   | Place    | Note
-------+----------+-------------------------------------------
     0 | D:1      | Monkas the Vine Stalker Brigand began the quest for the
                  | Orb.
     0 | D:1      | Reached XP level 1. HP: 11/11 MP: 2/2
    97 | D:1      | Reached skill level 5 in Stealth
   229 | D:1      | Reached XP level 2. HP: 7/15 MP: 3/3
   938 | D:2      | Reached XP level 3. HP: 8/18 MP: 4/4
  1397 | D:2      | Gained mutation: Your natural rate of healing is unusually
                  | fast. [Vine Stalker growth]
  1397 | D:2      | Reached XP level 4. HP: 8/23 MP: 1/5
  1731 | D:2      | Reached XP level 5. HP: 28/28 MP: 6/6
  1951 | D:2      | Reached skill level 6 in Stealth
  2203 | D:3      | Noticed Sigmund
  2210 | D:3      | Found a sacrificial altar of Ru.
  2216 | D:3      | Became a worshipper of Ru the Awakened
  2472 | D:4      | Found a snail-covered altar of Cheibriados.
  2498 | D:4      | Noticed an ogre
  2507 | D:4      | Killed an ogre
  2507 | D:4      | Reached XP level 6. HP: 32/32 MP: 7/7
  2899 | D:4      | Reached skill level 7 in Stealth
  2899 | D:4      | Reached XP level 7. HP: 37/37 MP: 8/8
  3094 | D:4      | Found a staircase to the Ecumenical Temple.
  3294 | D:5      | Entered Level 5 of the Dungeon
  3418 | D:5      | Gained mutation: You cannot read scrolls while threatened.
                  | [Ru sacrifice]
  3418 | D:5      | Reached * piety under Ru
  3561 | D:5      | Noticed Eustachio
  3578 | D:5      | Killed Eustachio
  3589 | D:5      | Reached skill level 8 in Stealth
  3718 | D:5      | Found a runed translucent door.
  3719 | D:5      | Noticed Crazy Yiuf
  3776 | D:5      | Noticed Menkaure
  3782 | D:5      | Killed Menkaure
  3782 | D:5      | Reached skill level 5 in Fighting
  3782 | D:5      | Reached skill level 5 in Throwing
  3782 | D:5      | Gained mutation: You have razor-sharp teeth. [Vine Stalker
                  | growth]
  3782 | D:5      | Reached XP level 8. HP: 43/43 MP: 9/9
  3911 | D:5      | HP: 1/43 [wyvern zombie (10)]
  3912 | D:5      | Slain by a wyvern zombie

Illustrated notes

Levels and vault maps discovered:
D:1:      saegor_arrival_simple_c, layout_basic, minmay_door_square
D:2:      layout_loops_cross, kennysheep_potato
D:3:      lemuel_castle_with_subvaults [lemuel_castle_interior_carwin_2],
          layout_rooms, nicolae_ru_awakened_eye, serial_bayou,
          serial_bayou_pond_c, serial_bayou_shore_a, serial_bayou_shore_b,
          serial_bayou_pond_c, minmay_quantized, uniq_sigmund
D:4:      layout_basic, kennysheep_slug_shrine,
          minmay_temple_entry_statues_pillars
D:5:      layout_cave_pods, grunt_gozag_statues, uniq_menkaure, uniq_eustachio,
          uniq_crazy_yiuf_cottage

Skill      XL: |  1  2  3  4  5  6  7 |
---------------+----------------------+-----
Stealth        | 5 6 7 8 |  8.3
Fighting       | 2 3 4 5 |  5.0
Throwing       | 2 3 4 5 |  5.1
Short Blades   | |  1.7
Dodging        | |  0.7

Action                   |  1- 3 |  4- 6 |  7- 9 || total
-------------------------+-------+-------+-------++-------
Melee: Dagger            |    27 |    61 |     1 ||    89
       Bite              |     7 |    16 |       ||    23
 Fire: Hunting sling     |       |    36 |    75 ||   111
Throw: Dart              |    21 |    28 |     3 ||    52
       Stone             |     1 |    13 |       ||    14
Invok: Sacrifice Words   |       |       |     1 ||     1
Evoke: Wand              |       |       |     5 ||     5
  Use: Potion            |       |     1 |     1 ||     2
 Stab: Sleeping          |     5 |     6 |     1 ||    12
Armor: Robe              |     4 |    12 |       ||    16
       Ring mail         |       |     2 |     3 ||     5
Dodge: Dodged            |    19 |    44 |     9 ||    72

Table legend: (Time is in decaauts)
 A = Elapsed time spent in this place.
 B = Non-inter-level travel time spent in this place.
 C = Inter-level travel time spent in this place.
 D = Time resting spent in this place.
 E = Time spent auto-exploring this place.
 F = Levels seen in this place.
 G = Mean time per level.
                   A        B        C        D        E       F      G
               +--------+--------+--------+--------+--------+-----+--------+
         Total |   3899 |   3834 |     65 |    575 |   2279 |   5 |  779.8 |
       Dungeon |   3899 |   3834 |     65 |    575 |   2279 |   5 |  779.8 |
               +--------+--------+--------+--------+--------+-----+--------+

Top non-repeatable levels by time:
     D:2: 1266 daAuts
     D:4: 854 daAuts
     D:1: 751 daAuts
     D:5: 619 daAuts
     D:3: 408 daAuts
